 Dungeon Crawl Stone Soup version 0.30-b1-2-g02819fbbbe (webtiles) character file.

Game seed: 408937498999339015

87 Alarkh the Sneak (level 4, 35/35 HPs)
             Began as a Demonspawn Delver on May 22, 2023.
             Quit the game on level 5 of the Dungeon.
             The game lasted 00:00:40 (199 turns).

Alarkh the Sneak (Demonspawn Delver)                 Turns: 199, Time: 00:00:40

Health: 35/35      AC:  3    Str: 13    XL:     4   Next: 28%
Magic:  1/1        EV: 12    Int: 13    God:
Gold:   4          SH:  0    Dex: 17    Spells: 3/3 levels left

rFire   + . .        h - +7 glaive of Bedazzled Tender Mercy {antimagic, rF+ rN+ Will+ Dex+3}
rCold   . . .        (shield currently unavailable)
rNeg    + . .        a - +0 leather armour
rPois   .            (no helmet)
rElec   .            (no cloak)
rCorr   .            (no gloves)
SInv    .            (no boots)
Will    +....        (no amulet)
Stlth   +++          (no ring)
HPRegen 0.25/turn    (no ring)
MPRegen 0.07/turn

%: no passive effects
@: no status effects
A: hooves 2, weakness stinger 1
a: no special abilities


You were on level 5 of the Dungeon.
You visited 1 branch of the dungeon, and saw 1 of its levels.

You collected 4 gold pieces.

Inventory:

Hand Weapons
 h - the +7 glaive of Bedazzled Tender Mercy (weapon) {antimagic, rF+ rN+ Will+ Dex+3}
   (You found it on level 5 of the Dungeon)

   Dex:       It affects your dexterity (+3).
   rF:        It protects you from fire.
   rN:        It protects you from negative energy.
   Will:      It increases your willpower.
Armour
 a - a +0 leather armour (worn)
Wands
 f - a wand of digging (3)
Scrolls
 b - a scroll of fog
 c - a scroll of magic mapping
 d - a scroll of fear
 g - a scroll of identify {unknown}


   Skills:
 - Level 3.0 Fighting
 - Level 1.7 Dodging
 - Level 4.5 Stealth
 + Level 4.2 Unarmed Combat


You had 3 spell levels left.
You didn't know any spells.
Your spell library was empty.

Dungeon Overview and Level Annotations

Branches:
Dungeon (5/15)
 Temple: D:4-7

Altars:

Annotations:
D:5 2 runed translucent doors


Innate Abilities, Weirdness & Mutations

You have hoof-like feet.
You have a small tail.


Message History

Press: ? - help, Dir - move target, f/p - ogre
Aim: an ogre, wielding a +0 giant club (severely wounded, about 23% to evade the +7 glaive of Bedazzled Tender Mercy)
You reach to attack!
You closely miss the ogre.
The ogre is severely wounded.
You see here a +0 ring mail.
Reach: h) +7 glaive of Bedazzled Tender Mercy {antimagic, rF+ rN+ Will+ Dex+3}
Press: ? - help, Dir - move target, f/p - ogre
Aim: an ogre, wielding a +0 giant club (severely wounded, about 23% to evade the +7 glaive of Bedazzled Tender Mercy)
You reach to attack!
You slash the ogre!
You kill the ogre!
Your Unarmed Combat skill gained 3 levels and is now at level 4!
You have reached level 2!
You feel monstrous as your demonic heritage exerts itself.
Your demonic ancestry asserts itself...
Your feet thicken and deform.
You have reached level 3!
Your experience leads to an increase in your attributes!
Your base attributes are Str 12, Int 11, Dex 14.
Increase (S)trength, (I)ntelligence, or (D)exterity?
You feel clever. x2; Your demonic ancestry asserts itself...
Your feet thicken and deform.
You have reached level 4!
You feel stronger.
Your demonic ancestry asserts itself...
You grow a small tail.
An orc is nearby!
Things that are here:
a +0 giant club; a +0 ring mail You reach to attack!
You slice the orc!!
You kill the orc!
No target in view!
Your extra speed is starting to run out.
You feel yourself slow down.
HP restored.
Things that are here:
a +0 club; an orc corpse You now have 4 gold pieces.
Found a stone staircase leading up.
Are you sure you want to abandon this character and quit the game? (Confirm with "yes".)
Okay, then.
Are you sure you want to abandon this character and quit the game? (Confirm with "yes".)

######..#
#....<..#
#@# #.# #.#
#.# #.#
#.###### #.#
#......##
#.#
#####.#.##
#.#
###.###.####
#.### #..##
##....


There were no monsters in sight!

Vanquished Creatures
  An ogre (D:5)
  An orc (D:5)
2 creatures vanquished.

Notes
Turn   | Place    | Note
-------+----------+-------------------------------------------
     0 | D:5      | Alarkh the Demonspawn Delver began the quest for the Orb.
     0 | D:5      | Reached XP level 1. HP: 18/18 MP: 1/1
     2 | D:5      | Found a large runed translucent door.
    29 | D:5      | Identified the +7 glaive of Bedazzled Tender Mercy
                  | {antimagic, rF+ rN+ Will+ Dex+3}
    30 | D:5      | Noticed an ogre
    56 | D:5      | Killed an ogre
    57 | D:5      | Discovered your monstrous ancestry.
    57 | D:5      | Gained mutation: You have large cloven feet. [demonic
                  | ancestry]
    57 | D:5      | Reached XP level 2. HP: 13/24 MP: 0/2
    57 | D:5      | Gained mutation: You have hoof-like feet. [demonic
                  | ancestry]
    57 | D:5      | Reached XP level 3. HP: 16/29 MP: 1/3
    57 | D:5      | Gained mutation: You have a small tail. [demonic ancestry]
    57 | D:5      | Reached XP level 4. HP: 19/35 MP: 1/4
   199 | D:5      | Quit the game

Illustrated notes

Levels and vault maps discovered:
D:5:      layout_loops_ring, jmf_multi_god_temple2, gammafunk_ghost_icy,
          minmay_small_thing

Skill      XL: |  1 |
---------------+----+-----
Unarmed Combat | 4 |  4.2
Fighting       | |  3.0
Dodging        | |  1.7
Stealth        | |  4.5

Action                     |  1- 3 |  4- 6 || total
---------------------------+-------+-------++-------
  Melee: Glaive            |     4 |     1 ||     5
    Use: Potion            |     1 |       ||     1
